 Dungeon Crawl Stone Soup version 0.20-a0-351-gc9b4002 (webtiles) character file.

154 HarryHood the Skirmisher (level 5, -4/36 HPs)
             Began as a Gargoyle Berserker on Dec 25, 2016.
             Was a Believer of Trog.
             Killed by divine providence
             ... invoked by an orc priest
              (11 damage)
             ... on level 3 of the Dungeon.
             The game lasted 00:09:38 (2044 turns).

HarryHood the Skirmisher (Gargoyle Berserker)       Turns: 2044, Time: 00:09:39

Health: -4/36      AC: 13    Str: 21    XL:     5   Next: 35%
Magic:  14/14      EV: 10    Int:  7    God:    Trog [**....]
Gold:   84         SH:  0    Dex: 10    Spells: 4/4 levels left

rFire  . . .     SeeInvis .     h - +0 flail
rCold  . . .     Gourm    .     k - +0 scale mail
rNeg   + . .     Faith    .     (no shield)
rPois  ∞         Spirit   .     i - +0 helmet
rElec  +         Reflect  .     (no cloak)
rCorr  .         Harm     .     (no gloves)
MR     .....     Clarity  +     n - +1 pair of boots
Stlth  ..........               (no amulet)
                                (no ring)
                                m - ring of magical power

@: exhausted, slowed, very slow
A: clarity, negative energy resistance 1, electricity resistance, unbreathing,
petrification resistance, rot immunity, AC +4
a: Berserk, Trog's Hand, Burn Spellbooks, Renounce Religion


You were on level 3 of the Dungeon.
You worshipped Trog.
Trog was pleased with you.
You were very hungry.

You visited 1 branch of the dungeon, and saw 3 of its levels.

You collected 84 gold pieces.

Inventory:

Hand Weapons
 h - a +0 flail (weapon)
Armour
 i - a +0 helmet (worn)
 k - a +0 scale mail (worn)
 n - a +1 pair of boots (worn)
Jewellery
 m - a ring of magical power (left hand)
Scrolls
 e - a scroll of identify {@r1}
Potions
 f - 2 potions of curing {@q2}
 l - a potion of haste
Comestibles
 b - 3 fruits {@e2}
 c - 3 bread rations {@e1}
 d - 3 chunks of flesh
 g - 2 meat rations {@e1}


   Skills:
 - Level 6.1 Fighting
 * Level 3.5 Maces & Flails
 - Level 2.1 Armour
 - Level 1.5 Dodging


You had 4 spell levels left.
You didn't know any spells.

Dungeon Overview and Level Annotations

Branches:
Dungeon (3/15)

Altars:


Innate Abilities, Weirdness & Mutations

You are resistant to torment.
Your stone body is resilient. (AC +4)
You are immune to poison.
You resist negative energy. (rN+)
You are resistant to electric shocks. (rElec)
You can survive without breathing.
You are immune to petrification.
You are immune to rotting.
You possess an exceptional clarity of mind.


Message History

The kobold misses you. The orc hits you.
You closely miss the kobold.
Your skin stops crawling.
You feel less resistant to hostile enchantments.
The kobold hits you but does no damage.
The orc priest calls down the wrath of Beogh upon you.
Beogh smites you! The orc hits you but does no damage.
The kobold hits you but does no damage.
The orc priest calls down the wrath of Beogh upon you.
Beogh smites you!
* * * LOW HITPOINT WARNING * * *
The orc hits you but does no damage.
You are too injured to fight recklessly!
You sock the kobold!
You kill the kobold!
Trog accepts your kill. The orc hits you but does no damage.
The orc priest mumbles some strange prayers to Beogh against you.
Beogh smites you!
You die...

### ... ... #.# #.#
#.# ######### #)#
#.......# #@#
#.......####o#
#.....<.##.oo######
#.......)...go..o...
#.......#..##......:
#.........## ##..###
#####..#.## #...
##.... .### ###..# #


You could see 2 orc priests, 2 orcs and a goblin.

Vanquished Creatures
  4 gnolls (D:2)
  4 adders (D:2)
  A worm (D:2)
  2 dart slugs
  5 leopard geckos
  5 orcs (D:3)
  9 bats
  A giant cockroach (D:1)
  8 goblins
  7 hobgoblins
  7 kobolds
  5 frilled lizards
  6 rats
64 creatures vanquished.

Notes
Turn   | Place    | Note
-------+----------+-------------------------------------------
     0 | D:1      | HarryHood the Gargoyle Berserker began the quest for the Orb.
     0 | D:1      | Reached XP level 1. HP: 14/14 MP: 1/1
   122 | D:1      | Reached XP level 2. HP: 19/20 MP: 2/2
   191 | D:1      | Reached skill level 4 in Fighting
   537 | D:1      | Reached XP level 3. HP: 24/24 MP: 3/3
  1051 | D:2      | Reached skill level 5 in Fighting
  1053 | D:2      | Reached ** piety under Trog
  1336 | D:2      | Reached XP level 4. HP: 29/31 MP: 4/4
  1405 | D:2      | Reached skill level 6 in Fighting
  1469 | D:2      | Reached XP level 5. HP: 29/36 MP: 5/5
  1940 | D:2      | Gained mutation: You possess an exceptional clarity of mind. [potion of beneficial mutation]
  2044 | D:3      | Killed from afar by an orc priest

Vault maps used:
D:1:      minmay_arrival_shoal_huts
D:2:      serial_glass, glass_columns_a, glass_columns_b, glass_columns_a,
          glass_columns_b, glass_columns_a, glass_columns_b, glass_columns_a,
          glass_columns_c
D:3:      lemuel_coloured_pillars_altar, grunt_temple_overflow_diamond,
          uniq_natasha

Skill      XL: |  1  2  3  4 |
---------------+-------------+-----
Fighting       | 4 5 6 |  6.1
Maces & Flails | |  3.5
Armour         | |  2.1
Dodging        | |  1.5

Action                   |  1- 3 |  4- 6 || total
-------------------------+-------+-------++-------
Melee: Mace              |   107 |    50 ||   157
       Flail             |       |    39 ||    39
Invok: Berserk           |       |     2 ||     2
       Trog's Hand       |       |     2 ||     2
  Use: Scroll            |     2 |     6 ||     8
       Potion            |       |     1 ||     1
  Eat: Chunk             |     1 |     4 ||     5
Armor: Animal skin       |    20 |       ||    20
       Ring mail         |    15 |       ||    15
       Scale mail        |     8 |    62 ||    70
Dodge: Dodged            |    73 |    61 ||   134
